 Dungeon Crawl Stone Soup version 0.28-a0-1506-g3893175d92 (webtiles) character file.

Game seed: 17774791884119326381

9 murtidash the Sneak (level 2, 0/27 HPs)
             Began as a Hill Orc Delver on Jan 13, 2022.
             Succumbed to a water moccasin's poison
             ... on level 5 of the Dungeon.
             The game lasted 00:01:53 (676 turns).

murtidash the Sneak (Hill Orc Delver)                Turns: 676, Time: 00:01:54

Health: 0/27       AC:  3    Str: 14    XL:     2   Next: 16%
Magic:  2/2        EV: 11    Int: 10    God:
Gold:   29         SH:  0    Dex: 12    Spells: 1/1 levels left

rFire   . . .      SeeInvis .   a - +0 hand axe
rCold   . . .      Faith    .   (no shield)
rNeg    . . .      Spirit   .   b - +0 leather armour
rPois   .          Reflect  .   (no helmet)
rElec   .          Harm     .   (no cloak)
rCorr   .          Rampage  .   (no gloves)
Will    .....                   (no boots)
Stlth   ++........              h - amulet of the acrobat
HPRegen 0.09/turn               (no ring)
MPRegen 0.08/turn               (no ring)

@: lethally poisoned (0 -> -1)
A: no striking features
a: no special abilities


You were on level 5 of the Dungeon.
You visited 1 branch of the dungeon, and saw 2 of its levels.

You collected 29 gold pieces.

Inventory:

Hand Weapons
 a - a +0 hand axe (weapon)
Armour
 b - a +0 leather armour (worn)
Jewellery
 h - an amulet of the acrobat (around neck)
   (You found it on level 6 of the Dungeon)
Wands
 g - a wand of digging (3)
Scrolls
 c - a scroll of fog
 d - a scroll of magic mapping {!r}


   Skills:
 + Level 4.0 Fighting
 + Level 3.3 Axes
 - Level 1.5 Dodging
 - Level 4.1 Stealth


You had one spell level left.
You didn't know any spells.
Your spell library was empty.

Dungeon Overview and Level Annotations

Branches:
Dungeon (6/15)
 Temple: D:4-7

Altars:

Shops:
D:5 *


Message History

You start resting.
Health restored: 27 A bullfrog zombie comes into view.
The bullfrog zombie closely misses you.
Really walk into that teleport trap?
You enter a teleport trap!
The teleport trap disappears.
Your surroundings suddenly seem different.
An ufetubus, a necrophage and a steam dragon come into view.
The ufetubus shouts!
The steam dragon hisses angrily.
The ufetubus misses you. The ufetubus completely misses you.
The ufetubus misses you. The ufetubus closely misses you.
The ufetubus misses you. The ufetubus barely misses you.
The ufetubus closely misses you.
The ufetubus hits you but does no damage.
The ufetubus closely misses you. The ufetubus completely misses you.
The ufetubus hits you. The ufetubus completely misses you.
You take 3 damage, and have 24/27 hp.
The ufetubus misses you. The ufetubus closely misses you.
The ufetubus completely misses you. x2
The ufetubus completely misses you. The ufetubus closely misses you.
The ufetubus barely misses you. The ufetubus completely misses you.
The ufetubus closely misses you. The ufetubus misses you.
The ufetubus completely misses you. The ufetubus hits you.
You take 2 damage, and have 23/27 hp.
The ufetubus completely misses you. The ufetubus barely misses you.
The ufetubus barely misses you. The ufetubus completely misses you.
The ufetubus barely misses you. The ufetubus completely misses you.
The ufetubus hits you. The ufetubus completely misses you.
You take 4 damage, and have 20/27 hp.
The ufetubus hits you. The ufetubus barely misses you.
You take 3 damage, and have 17/27 hp.
The ufetubus hits you. The ufetubus barely misses you.
You take 4 damage, and have 13/27 hp.
The ufetubus misses you.
The ufetubus hits you but does no damage.
The ufetubus completely misses you. x2
The ufetubus completely misses you. x2
The ufetubus completely misses you. The ufetubus barely misses you.
You feel yourself speed up. The ufetubus hits you. x2
The ufetubus barely misses you. x2
You take 3 damage, and have 11/27 hp.
You see here a +0 hunting sling.
Found a stone staircase leading up.
The steam dragon breathes steam at you. The ball of steam misses you.
There is a stone staircase leading up here.
You climb upwards.
There is a stone staircase leading down here.
You start resting.
Your extra speed is starting to run out.
You start resting.
You feel yourself slow down.
You start resting.
Health restored: 27 You start waiting.
Done waiting.
You now have 29 gold pieces (gained 15).
A water moccasin comes into view.
The water moccasin hisses angrily.
The water moccasin closely misses you. The water moccasin barely misses you.
The water moccasin completely misses you.
The water moccasin closely misses you.
A gnoll comes into view. It is wielding a +0 club.
A gnoll sergeant and a gnoll come into view.
The water moccasin completely misses you.
A bullfrog skeleton comes into view.
The water moccasin closely misses you. The water moccasin bites you.
You are poisoned.
The water moccasin poisons you!
You take 5 damage, and have 22/27 hp.
You feel very sick.
You take 4 damage, and have 18/27 hp.
You feel very sick.
You take 3 damage, and have 15/27 hp.
You feel sick. The water moccasin misses you.
You take 2 damage, and have 13/27 hp.
You feel sick.
You take 2 damage, and have 11/27 hp.
You feel sick. The water moccasin bites you.
* * * LOW HITPOINT WARNING * * *
You take 6 damage, and have 5/27 hp.
MASSIVE DAMAGE!!
* * * LOW HITPOINT WARNING * * *
You feel sick.
You take 1 damage, and have 4/27 hp.
Found a stone staircase leading up.
* * * LOW HITPOINT WARNING * * *
You feel sick. The water moccasin closely misses you.
You take 1 damage, and have 3/27 hp.
* * * LOW HITPOINT WARNING * * *
You feel sick.
You take 1 damage, and have 2/27 hp.
* * * LOW HITPOINT WARNING * * *
You feel sick.
You take 1 damage, and have 1/27 hp.
You aren't carrying any potions.
As you read the scroll of fear, it crumbles to dust.
You assume a fearsome visage.
The water moccasin looks frightened!
You die...

#.## ######## #...
........ #<.# #..#.##.
#... #..#.##. #..#
#..#.##. #..# #...(...
#/.# #...[... #.@#
#....... #.S# ##.....#
#..# #...... #..#
#.##### #..## #.####.
#...# #.#..$.
####...#### #[.....
#.........#######...##
#............(....#...


You could see a water moccasin (fleeing).

Vanquished Creatures
  An adder (D:6)
1 creature vanquished.

Notes
Turn   | Place    | Note
-------+----------+-------------------------------------------
     0 | D:5      | murtidash the Hill Orc Delver began the quest for the Orb.
     0 | D:5      | Reached XP level 1. HP: 19/19 MP: 1/1
    27 | D:6      | Noticed an iguana
    70 | D:6      | Noticed a water moccasin zombie
   145 | D:6      | Reached skill level 4 in Fighting
   145 | D:6      | Reached skill level 3 in Axes
   145 | D:6      | Reached XP level 2. HP: 13/27 MP: 2/2
   309 | D:6      | Noticed a necrophage
   309 | D:6      | Noticed a steam dragon
   650 | D:5      | Noticed a water moccasin
   661 | D:5      | Noticed a gnoll sergeant
   671 | D:5      | HP: 5/27 [water moccasin (5)]
   674 | D:5      | HP: 2/27 [poisoned by a water moccasin]
   676 | D:5      | Succumbed to a water moccasin's poison

Illustrated notes

Levels and vault maps discovered:
D:5:      layout_loops_ring, serial_shops, nicolae_stop_n_shop_1,
          nicolae_diamond_shop, shop, nicolae_take_the_stairs
D:6:      layout_basic, nicolae_dithmenos_shadow_blocks

Skill      XL: |  1 |
---------------+----+-----
Fighting       | 4 |  4.0
Axes           | 3 |  3.3
Dodging        | |  1.5
Stealth        | |  4.1

Action                   || total
-------------------------++-------
Melee: Hand axe          ||    14
  Use: Scroll            ||     1
       Potion            ||     1
 Stab: Sleeping          ||     1
Armor: Leather armour    ||     8
Dodge: Dodged            ||    57

Table legend: (Time is in decaauts)
 A = Elapsed time spent in this place.
 B = Non-inter-level travel time spent in this place.
 C = Inter-level travel time spent in this place.
 D = Time resting spent in this place.
 E = Time spent auto-exploring this place.
 F = Levels seen in this place.
 G = Mean time per level.
                   A        B        C        D        E       F      G
               +--------+--------+--------+--------+--------+-----+--------+
         Total |    663 |    663 |      0 |    409 |      2 |   2 |  331.5 |
       Dungeon |    663 |    663 |      0 |    409 |      2 |   2 |  331.5 |
               +--------+--------+--------+--------+--------+-----+--------+

Top non-repeatable levels by time:
     D:6: 354 daAuts
     D:5: 308 daAuts

Table legend:
 A = Kills in this place as a percentage of kills in entire the game.
 B = Kills by you in this place as a percentage of kills by you in the entire game.
 C = Kills by friends in this place as a percentage of kills by friends in the entire game.
 D = Other kills in this place as a percentage of other kills in the entire game.
 E = Experience gained in this place as a percentage of experience gained in the entire game.
 F = Experience gained in this place divided by the number of levels of this place that you have seen.
                   A       B       C       D       E      F
               +-------+-------+-------+-------+-------+----------------------
         Total | 100.0 | 100.0 |   N/A |   N/A | 100.0 |   7.0
       Dungeon | 100.0 | 100.0 |   N/A |   N/A | 100.0 |   7.0
               +-------+-------+-------+-------+-------+----------------------
